 Dungeon Sprint DCSS version 0.23.1 (webtiles) character file.

Game seed: 4172544746825607876

423 nuthulu the Protected (level 6, -2/63 HPs)
             Began as a Minotaur Fighter on Mar 5, 2019.
             Was an Initiate of Okawaru.
             Killed by drain life
             ... invoked by a soul eater
             ... summoned by a kobold demonologist
              (4 damage)
             ... in the Dungeon (Sprint III: "The Ten Rune Challenge").
             The game lasted 00:01:32 (820 turns).

nuthulu the Protected (Minotaur Fighter)             Turns: 820, Time: 00:01:33

Health: -2/63      AC:  8    Str: 23    XL:     6   Next: 63%
Magic:  5/5        EV:  8    Int:  5    God:    Okawaru [......]
Gold:   24         SH: 12    Dex: 11    Spells: 5/5 levels left

rFire    . . .     SeeInvis .   a - +0 war axe
rCold    . . .     Gourm    .   c - +0 shield
rNeg     . . .     Faith    .   b - +0 scale mail
rPois    .         Spirit   .   (helmet restricted)
rElec    .         Reflect  .   (no cloak)
rCorr    .         Harm     .   (no gloves)
MR       .....     NoTele   +   (no boots)
Stlth    ..........             (no amulet)
HPRegen  0.20/turn              (no ring)
MPRegen  0.09/turn              (no ring)

@: no status effects
A: retaliatory headbutt, beak, horns 2, agile 1
a: Renounce Religion


You were in the Dungeon.
You worshipped Okawaru.
Okawaru was noncommittal.
You were not hungry.

You visited 1 branch You collected 24 gold pieces.

Inventory:

Hand Weapons
 a - a +0 war axe (weapon)
Armour
 b - a +0 scale mail (worn)
 c - a +0 shield (worn)
Scrolls
 k - a scroll of blinking
 m - a scroll of remove curse
 n - a scroll of immolation
 o - a scroll of identify
 r - a scroll of holy word {unknown}
 s - a scroll of enchant weapon {unknown}
Potions
 e - 4 potions of mutation
 h - a potion of haste
 i - 2 potions of magic
 j - a potion of berserk rage
 q - 3 potions of flight
Comestibles
 d - a chunk of flesh
 f - 3 rations


   Skills:
 + Level 9.3 Fighting
 + Level 8.9 Axes
 + Level 9.3 Armour
 + Level 9.3 Shields


You had 5 spell levels left.
You didn't know any spells.
Your spell library was empty.

Dungeon Overview and Level Annotations

Branches:
Dungeon (1/1)

Altars:
Kikubaaqudgha
Okawaru
Sif Muna
Trog
Uskayaw
Vehumet
Wu Jian
Beogh


Innate Abilities, Weirdness & Mutations

You reflexively headbutt those who attack you in melee.
You have a pair of horns on your head.
You have a beak for a mouth.
You are agile. (Dex +2)


Message History

The wizard hits you but does no damage.
The soul eater draws from the surrounding life force!
* * * LOW HITPOINT WARNING * * *
Unknown command.
Your shield and scale mail prevent you from hitting the wizard.
Your peck misses the wizard.
The wizard is almost dead.
You hit the soul eater but do no damage.
The kobold demonologist gestures wildly while chanting.
The wizard gestures wildly while chanting.
The wizard seems to speed up.
The soul eater draws from the surrounding life force!
* * * LOW HITPOINT WARNING * * *
Unknown command.
You hit the wizard.
You kill the wizard!
Okawaru accepts your kill.
You barely miss the soul eater.
The soul eater draws from the surrounding life force!
You die...

.#(..#### ##.#***#####********,
.#......#####..#___#___#__**,,*,*
##.......#..#..#,,,#__.#,_*,,,,,,
.##.##...#..#..###+#)###+##,,,,,,
.##.###..##'#..#..........#,,,,,,
####.##..###...+.⌠........#,****∩
##..##.†####...#...######+#,,* *,
.÷..##..###....#.⌠.#__*,,,*+*****
#÷.##...##.....#@3.#__*,,,*,,,,*,
..##....#......#5###__*,,,**,*,,*
.###..##.#.....#K:,*__*,,,+**,*,*
.# #..*####....#54_*__+,,,*,,,*,,
▓▓*▓▓▓****▓▓▓▓▓▓▓▓▓▓*************
,,+≈≈,≈≈,≈≈≈**,,,,,****≈≈≈,,,,,,,
,,*,≈≈≈≈≈≈≈≈**,≈≈≈≈+**+*≈≈≈≈≈≈≈≈≈
,,*≈≈≈,≈≈≈≈≈≈+,,,,,*,≈***********
,,*≈≈≈≈≈≈,≈≈********,,**


You could see a soul eater, a rust devil, a kobold demonologist, a quasit and a
crimson imp.

Vanquished Creatures
  A water elemental (D)
  A scorpion (D)
  A wizard (D)
  3 humans (D)
  4 rats (D)
10 creatures vanquished.

Vanquished Creatures (others)
  2 draconian scorchers (D)
  6 hellions (D)
  A yaktaur (D)
  3 plants (D)
12 creatures vanquished.

Grand Total: 22 creatures vanquished

Notes
Turn   | Place    | Note
-------+----------+-------------------------------------------
     0 | D        | nuthulu the Minotaur Fighter began the quest for the Orb.
     0 | D        | Reached XP level 1. HP: 19/19 MP: 0/0
    47 | D        | Killed a yaktaur
    59 | D        | Reached XP level 2. HP: 20/28 MP: 1/1
   119 | D        | Killed a hellion
   120 | D        | Killed a hellion
   121 | D        | Killed a hellion
   122 | D        | Killed a white draconian scorcher
   140 | D        | Noticed a scorpion
   152 | D        | Killed a scorpion
   152 | D        | Reached skill level 5 in Fighting
   152 | D        | Reached skill level 5 in Axes
   152 | D        | Reached skill level 5 in Armour
   152 | D        | Reached skill level 5 in Shields
   152 | D        | Reached XP level 3. HP: 6/37 MP: 2/2
   152 | D        | Reached XP level 4. HP: 7/44 MP: 3/3
   178 | D        | Killed a hellion
   179 | D        | Killed a hellion
   221 | D        | Killed a hellion
   232 | D        | Gained mutation: You have a beak for a mouth. [potion of
                  | mutation]
   232 | D        | Gained mutation: You are agile. (Dex +2) [potion of
                  | mutation]
   276 | D        | Killed a white draconian scorcher
   378 | D        | Noticed a water elemental
   387 | D        | Killed a water elemental
   707 | D        | Found a hide-covered altar of Uskayaw.
   707 | D        | Found a roughly hewn altar of Beogh.
   707 | D        | Found an iron altar of Okawaru.
   707 | D        | Found a bloodstained altar of Trog.
   707 | D        | Found an ornate altar of the Wu Jian Council.
   707 | D        | Noticed a human
   707 | D        | Noticed a human
   722 | D        | Killed a human
   722 | D        | Reached XP level 5. HP: 42/53 MP: 4/4
   727 | D        | Killed a human
   727 | D        | Reached XP level 6. HP: 38/63 MP: 5/5
   731 | D        | Became a worshipper of Warmaster Okawaru
   814 | D        | Found a radiant altar of Vehumet.
   814 | D        | Found a deep blue altar of Sif Muna.
   814 | D        | Found an ancient bone altar of Kikubaaqudgha.
   818 | D        | Noticed a soul eater
   819 | D        | HP: 2/63 [soul eater/drain life[a kobold demonologist] (6)]
   820 | D        | Noticed a rust devil
   820 | D        | Killed from afar by a soul eater

Skill      XL: |  1  2  3  4  5 |
---------------+----------------+-----
Fighting       | 4 5 8 9 |  9.3
Axes           | 4 5 7 8 |  8.9
Armour         | 4 5 8 9 |  9.3
Shields        | 4 5 8 9 |  9.3

Action                   |  1- 3 |  4- 6 || total
-------------------------+-------+-------++-------
Melee: War axe           |    22 |    25 ||    47
       Headbutt          |     6 |     2 ||     8
       Peck              |       |     2 ||     2
  Use: Scroll            |       |     4 ||     4
       Potion            |       |     4 ||     4
Armor: Scale mail        |     4 |     4 ||     8
Dodge: Dodged            |     7 |     5 ||    12
Block: Shield            |     8 |    17 ||    25
